 Dungeon Crawl Stone Soup version 0.24.0-1-gfbc8707122 (webtiles) character file.

Game seed: 2482905633087578291, levelgen mode: deterministic

611 Aviak the Insei (level 7, 0/46 HPs)
             Began as an Octopode Transmuter on Oct 26, 2019.
             Succumbed to an orc warrior's poison
             ... on level 4 of the Dungeon.
             The game lasted 00:07:21 (3924 turns).

Aviak the Insei (Octopode Transmuter)               Turns: 3924, Time: 00:07:22

Health: 0/46       AC:  1    Str:  9    XL:     7   Next: 44%
Magic:  10/12      EV: 21    Int: 16    God:
Gold:   119        SH:  0    Dex: 19    Spells: 7/13 levels left

rFire    . . .     SeeInvis .     - Unarmed
rCold    . . .     Gourm    .   (no shield)
rNeg     + . .     Faith    .   (helmet restricted)
rPois    .         Spirit   .   (no amulet)
rElec    .         Reflect  .   e - ring of positive energy (curse)
rCorr    .         Harm     .   i - ring of stealth
MR       .....                  (no ring)
Stlth    +++++.....             (no ring)
HPRegen  0.15/turn              (no ring)
MPRegen  0.13/turn              (no ring)
                                (no ring)
                                (no ring)

@: agile, lethally poisoned (0 -> -31), appendage (expiring)
A: almost no armour, stealthy swim, amphibious, 8 rings, constrict 8, tentacle
spike 3, camouflage 1, screaming 1, wild magic 1, gelatinous body 1, MP-powered
wands
a: End Transformation


You were on level 4 of the Dungeon.
You were not hungry.
One of your tentacles had a temporary spike.
You visited 1 branch of the dungeon, and saw 4 of its levels.

You collected 119 gold pieces.

Inventory:

Missiles
 a - 74 arrows
Armour
 f - a +0 shield
Jewellery
 e - a cursed ring of positive energy (left tentacle)
 i - a ring of stealth (right tentacle)
Scrolls
 b - 2 scrolls of teleportation {unknown}
 d - 5 scrolls of identify {unknown}
 h - a scroll of enchant weapon {unknown}
 l - a scroll of random uselessness {unknown}
 r - a scroll of remove curse
Potions
 g - a potion of might
Comestibles
 c - 9 rations


   Skills:
 + Level 3.4 Fighting
 + Level 3.9 Dodging
 + Level 4.5 Unarmed Combat
 + Level 3.6 Spellcasting
 + Level 3.9 Transmutations


You had 7 spell levels left.
You knew the following spells:

 Your Spells              Type           Power        Failure   Level  Hunger
a - Beastly Appendage     Tmut           ###...       6%          1    None
b - Sticks to Snakes      Tmut           ###.....     9%          2    ##.....
c - Spider Form           Tmut/Pois      ##........   32%         3    ###....

Your spell library contained the following spells:

 Spells                   Type           Power        Failure   Level  Hunger
 Magic Dart               Conj           #...         26%         1    None
 Blink                    Tloc           N/A          34%         2    ##.....
 Call Imp                 Summ           #.......     34%         2    ##.....
 Slow                     Hex            #.......     34%         2    ##.....
 Conjure Flame            Conj/Fire      #.......     56%         3    ###....
 Mephitic Cloud           Conj/Pois/Air  #.......     56%         3    ###....
 Ice Form                 Ice/Tmut       ##......     69%         4    ####...
 Blade Hands              Tmut           ###.......   77%         5    ######.


Dungeon Overview and Level Annotations

Branches:
Dungeon (4/15)
 Temple: D:4-7

Altars:
Elyvilon
Gozag
Qazlal

Annotations:
D:3 3 runed translucent doors, Aviak's ghost, amateur OgAK


Innate Abilities, Weirdness & Mutations

You cannot wear most types of armour.
You are very stealthy in the water. (Stealth+)
You are amphibious.
You can wear up to eight rings at the same time.
You can use your tentacles to constrict eight enemies at once.
Your skin changes colour to match your surroundings (Stealth+).
Your rubbery body absorbs attacks. (AC +1, EV +1)
One of your tentacles bears a large vicious spike.
You occasionally shout uncontrollably at your foes.
Your spells are a little harder to cast, but a little more powerful.
You expend magic power (3 MP) to strengthen your wands.


Message History

You tentacle-slap the orc warrior.
You squeeze the orc warrior, but do no damage.
The orc warrior is heavily wounded.
You constrict the orc warrior.
* * * LOW HITPOINT WARNING * * *
You feel sick.
Your adder bites the orc warrior but does no damage.
The orc warrior completely misses you.
Your adder bites the orc warrior but does no damage.
Unknown command.
You aren't carrying any items that you can evoke.
Casting: Beastly Appendage (safe; 6% risk of failure)
Confirm with . or Enter, or press ? or * to list all spells.
Okay, then.
Okay, then.
Okay, then.
You tentacle-slap the orc warrior but do no damage.
The orc warrior is heavily wounded.
You constrict the orc warrior, but do no damage.
You die...

## #. #.. .#.##.#########
.......S.....>####
#.o@..........
.######.......##
..................'.
....#######[).....## ....#
#.<........ .
.#..########.#....##
.######. ..................
.......###.########.#....##
...........## #.#....#


You could see an orc warrior and a friendly adder.

Vanquished Creatures
  Sigmund (D:3)
  2 orc priests (D:3)
  Jessica (D:2)
  Terence (D:3)
  A worker ant (D:4)
  A howler monkey skeleton (D:2)
  5 adders
  An ooze (D:2)
  2 adder zombies (D:2)
  3 worms
  2 dart slugs (D:1)
  A leopard gecko (D:1)
  5 orcs
  A bat skeleton (D:2)
  4 giant cockroaches
  6 goblins
  3 hobgoblins
  3 jackals (D:3)
  A quokka (D:4)
  A ball python skeleton (D:2)
  8 bats
  2 frilled lizards (D:2)
  6 kobolds
  A leopard gecko skeleton (D:2)
  5 rats
67 creatures vanquished.

Vanquished Creatures (collateral kills)
  Grinder (D:3)
  A dart slug (D:2)
2 creatures vanquished.

Grand Total: 69 creatures vanquished

Notes
Turn   | Place    | Note
-------+----------+-------------------------------------------
     0 | D:1      | Aviak the Octopode Transmuter began the quest for the Orb.
     0 | D:1      | Reached XP level 1. HP: 13/13 MP: 3/3
   195 | D:1      | Reached XP level 2. HP: 10/18 MP: 3/5
   203 | D:1      | Learned a level 2 spell: Sticks to Snakes
   920 | D:1      | Reached XP level 3. HP: 23/23 MP: 6/6
   925 | D:1      | Learned a level 3 spell: Spider Form
  1643 | D:2      | Reached XP level 4. HP: 26/29 MP: 7/7
  2319 | D:3      | Noticed Grinder
  2322 | D:3      | Noticed Jessica
  2329 | D:2      | Killed Jessica
  2442 | D:3      | Reached XP level 5. HP: 33/34 MP: 4/9
  2474 | D:3      | Paralysed by Grinder for 6 turns
  2495 | D:3      | Paralysed by Grinder for 4 turns
  2495 | D:3      | Killed Grinder
  2495 | D:3      | Reached skill level 4 in Unarmed Combat
  2495 | D:3      | Reached XP level 6. HP: 22/41 MP: 3/10
  2740 | D:3      | Noticed Terence
  2751 | D:3      | Killed Terence
  2871 | D:3      | Found an opulent altar of Gozag.
  2873 | D:3      | Found a runed translucent gate.
  2873 | D:3      | Found a runed translucent gate.
  2873 | D:3      | Found a runed translucent gate.
  2873 | D:3      | Noticed a sky beast
  2873 | D:3      | Noticed Aviak's ghost (amateur OgAK)
  2978 | D:3      | Found a stormy altar of Qazlal.
  3055 | D:3      | Noticed Sigmund
  3065 | D:3      | Killed Sigmund
  3065 | D:3      | Reached XP level 7. HP: 34/46 MP: 9/12
  3145 | D:3      | Found a white marble altar of Elyvilon.
  3922 | D:4      | Gained mutation: You occasionally shout uncontrollably at
                  | your foes. [potion of mutation]
  3922 | D:4      | Gained mutation: Your spells are a little harder to cast,
                  | but a little more powerful. [potion of mutation]
  3922 | D:4      | Gained mutation: You expend magic power (3 MP) to
                  | strengthen your wands. [potion of mutation]
  3924 | D:4      | Succumbed to an orc warrior's poison

Levels and vault maps discovered:
D:1:      dpeg_arrival_chase, layout_loops_ring
D:2:      layout_basic, serial_undead, serial_undead_d, serial_undead_e,
          serial_undead_f, serial_undead_c, solitary_fountain
D:3:      layout_loops_ring, lemuel_doored_altar, ebering_ghost_gozag,
          nicolae_qazlal_general_emergency, uniq_grinder, uniq_jessica,
          uniq_sigmund, uniq_terence
D:4:      layout_basic, kennysheep_little_box, first_ration

Skill      XL: |  1  2  3  4  5  6 |
---------------+-------------------+-----
Fighting       | 2 3 |  3.4
Dodging        | 3 |  3.9
Unarmed Combat | 4 |  4.5
Spellcasting   | 3 |  3.6
Transmutations | 3 |  3.9

Action                   |  1- 3 |  4- 6 |  7- 9 || total
-------------------------+-------+-------+-------++-------
Melee: Unarmed           |    74 |    78 |    32 ||   184
       Constrict         |    25 |    14 |    13 ||    52
       Kick              |     8 |    11 |     6 ||    25
       Tentacles         |     9 |    13 |     9 ||    31
       Punch             |     2 |     3 |     2 ||     7
 Cast: Beastly Appendage |     7 |    13 |     4 ||    24
       Sticks to Snakes  |       |    10 |     1 ||    11
  Use: Potion            |     1 |     4 |     2 ||     7
       Scroll            |       |     1 |       ||     1
 Stab: Sleeping          |     8 |     5 |     1 ||    14
  Eat: Chunk             |     2 |     5 |     3 ||    10
Armor: Skin              |    10 |    11 |       ||    21
Dodge: Dodged            |    54 |    55 |    29 ||   138
